 Dungeon Crawl Stone Soup version 0.21-a0-95-g06f091e (webtiles) character file.

1472 Murumi the Shield-Bearer (level 8, -2/49 HPs)
             Began as a Gargoyle Fighter on July 5, 2017.
             Killed by divine providence
             ... invoked by an orc priest
              (12 damage)
             ... on level 6 of the Dungeon.
             The game lasted 00:22:57 (5219 turns).

Murumi the Shield-Bearer (Gargoyle Fighter)         Turns: 5219, Time: 00:22:58

Health: -2/49      AC: 21    Str: 22    XL:     8   Next: 78%
Magic:  9/9        EV: 10    Int:  9    God:
Gold:   246        SH:  0    Dex:  9    Spells: 7/7 levels left

rFire    + . .     SeeInvis .   n - +0 whip (elec)
rCold    . . .     Gourm    .   (no shield)
rNeg     + . .     Faith    .   D - +0 chain mail
rPois    ∞         Spirit   .   z - +0 helmet
rElec    +         Reflect  .   t - +1 cloak
rCorr    .         Harm     .   p - +0 pair of gloves
MR       +....                  (no boots)
Stlth    ..........             (no amulet)
HPRegen  0.16/turn              l - ring of protection from magic
MPRegen  0.11/turn              (no ring)

@: no status effects
A: repulsion field 1, fire resistance 1, negative energy resistance 1, shaggy
fur 1, electricity resistance, unbreathing, petrification resistance, rot
immunity, AC +5
a: no special abilities


You were on level 6 of the Dungeon.
You were not hungry.

You visited 1 branch of the dungeon, and saw 6 of its levels.

You collected 246 gold pieces.

Inventory:

Hand Weapons
 a - a +0 flail
 n - a +0 whip of electrocution (weapon)
Missiles
 e - 178 stones
 k - 14 tomahawks
 u - 2 throwing nets
 y - 9 javelins (quivered)
Armour
 c - a +0 shield
 p - a +0 pair of gloves (worn)
 t - a +1 cloak (worn)
 z - a +0 helmet (worn)
 D - a +0 chain mail (worn)
Jewellery
 l - a ring of protection from magic (left hand)
 x - an uncursed ring of fire
Wands
 b - a wand of polymorph (11/24)
 r - a wand of iceblast (10/15)
 B - a wand of paralysis (12/24)
 C - a wand of iceblast (9/15)
Scrolls
 d - a scroll of teleportation {unknown}
 j - 4 scrolls of remove curse {unknown}
 o - 2 scrolls of fog {unknown}
 s - a scroll of amnesia {unknown}
Potions
 h - 3 potions of curing
 m - 2 potions of brilliance
 q - a potion of heal wounds
 v - 2 potions of berserk rage
 w - a potion of magic
 A - a potion of haste
Comestibles
 f - 3 bread rations
 g - 6 meat rations
 i - 3 royal jellies


   Skills:
 - Level 5.0 Fighting
 - Level 6.1 Maces & Flails
 - Level 2.3 Throwing
 - Level 6.1 Armour
 - Level 1.0 Dodging
 - Level 6.1 Shields
 + Level 2.5 Evocations


You had 7 spell levels left.
You didn't know any spells.

Dungeon Overview and Level Annotations

Branches:
Dungeon (6/15)
 Temple: D:4-7

Altars:
Cheibriados
Kikubaaqudgha
Ru
Sif Muna
Trog
Uskayaw
Wu Jian
Xom
The Shining One

Annotations:
D:6 Grinder


Innate Abilities, Weirdness & Mutations

You are resistant to torment.
Your stone body is resilient. (AC +5)
You are immune to poison.
You resist negative energy. (rN+)
You are resistant to electric shocks. (rElec)
You can survive without breathing.
You are immune to petrification.
You are immune to rotting.
You are surrounded by a mild repulsion field. (EV +2)
Your flesh is heat resistant. (rF+)
You are covered in fur. (AC +1)


Message History

Grinder hits you.
You writhe in agony.
The orc priest looks braver for a moment.
Grinder says, "Just stop there for a second..."
Grinder hits you but does no damage.
The orc priest hits you but does no damage.
Grinder gestures at you. You resist with almost no effort.
The orc priest hits you but does no damage.
Grinder hits you but does no damage.
The orc priest mumbles some strange prayers to Beogh against you.
Beogh smites you!
* * * LOW HITPOINT WARNING * * *
Grinder hits you but does no damage. The orc priest barely misses you.
You can move again.
You hit the orc priest.
The orc priest is almost dead.
Grinder barely misses you.
The orc priest invokes the aid of Beogh against you.
Beogh smites you!
You die...

#.#..# #.#..# #<#..# #....#
####### ###.## ##.....##
##.## ##.......#
#.#########...####.........
..((...(.).......†........)
##..o@5..####.........
#.###..## ##.......#
#.###...# ##.....##
#.#.....# ##...## #.#.#...#
##+## #.#.#.### #.# #.#.#.#
#.# #.....# ##.#### ###.###
##......


You could see Grinder and an orc priest.

Vanquished Creatures
  Pikel (D:4)
  The ghost of kroki the Cudgeler, an amateur DsWn (D:4)
  A slave (D:4)
  2 ogres (D:4)
  A phantom (D:5)
  2 centaurs
  2 howler monkeys
  A centaur zombie (D:5)
  A hound (D:4)
  A bullfrog skeleton (D:5)
  An iguana (D:4)
  3 worker ants (D:5)
  A gnoll (D:1)
  6 adders
  2 oozes (D:1)
  5 worms
  6 leopard geckos
  16 orcs
  3 ball pythons
  8 bats
  3 giant cockroaches
  6 hobgoblins
  4 jackals
  4 quokkas
  3 frilled lizards
  6 goblins
  5 kobolds
  A leopard gecko skeleton (D:5)
  7 rats
103 creatures vanquished.

Notes
Turn   | Place    | Note
-------+----------+-------------------------------------------
     0 | D:1      | Murumi the Gargoyle Fighter began the quest for the Orb.
     0 | D:1      | Reached XP level 1. HP: 14/14 MP: 1/1
    78 | D:1      | Reached skill level 1 in Throwing
   203 | D:1      | Reached XP level 2. HP: 18/19 MP: 2/2
   384 | D:1      | Reached skill level 1 in Dodging
   635 | D:1      | Gained mutation: You are surrounded by a mild repulsion field. (EV +2) [potion of mutation]
   635 | D:1      | Gained mutation: Your flesh is heat resistant. (rF+) [potion of mutation]
   635 | D:1      | Gained mutation: You are covered in fur. (AC +1) [potion of mutation]
   779 | D:1      | Reached XP level 3. HP: 11/23 MP: 3/3
  1790 | D:2      | Reached XP level 4. HP: 29/29 MP: 4/4
  1834 | D:2      | Found a deep blue altar of Sif Muna.
  1964 | D:2      | Found a hide-covered altar of Uskayaw.
  2284 | D:3      | Found a snail-covered altar of Cheibriados.
  2654 | D:3      | Reached XP level 5. HP: 33/33 MP: 5/5
  2658 | D:3      | Found a shimmering altar of Xom.
  2658 | D:3      | Found a shimmering altar of Xom.
  2662 | D:3      | Found a shimmering altar of Xom.
  2672 | D:3      | Found a shimmering altar of Xom.
  2673 | D:3      | Found a shimmering altar of Xom.
  2893 | D:3      | Found a glowing golden altar of the Shining One.
  3081 | D:3      | Found an ornate altar of the Wu Jian Council.
  3426 | D:4      | Noticed kroki's ghost (amateur DsWn)
  3444 | D:4      | Killed kroki's ghost
  3444 | D:4      | Reached skill level 5 in Shields
  3444 | D:4      | Reached XP level 6. HP: 25/38 MP: 6/6
  3655 | D:4      | Found a sacrificial altar of Ru.
  3690 | D:4      | Reached XP level 7. HP: 32/43 MP: 7/7
  3914 | D:4      | Noticed Pikel
  3940 | D:4      | Killed Pikel
  3940 | D:4      | Reached XP level 8. HP: 34/48 MP: 8/8
  4221 | D:4      | Found an ancient bone altar of Kikubaaqudgha.
  4314 | D:5      | Entered Level 5 of the Dungeon
  4320 | D:4      | Reached skill level 5 in Fighting
  4413 | D:5      | Reached skill level 5 in Armour
  4676 | D:5      | Reached skill level 1 in Evocations
  5095 | D:6      | Found a bloodstained altar of Trog.
  5177 | D:6      | Noticed Grinder
  5190 | D:6      | Paralysed by Grinder for 4 turns
  5213 | D:6      | Paralysed by Grinder for 5 turns
  5219 | D:6      | Killed from afar by an orc priest

Vault maps used:
D:1:      minmay_arrival_nine_rooms, serial_forest,
          infiniplex_forest_lined_ring, infiniplex_forest_clump_curved,
          infiniplex_forest_clump_C, infiniplex_forest_clump_medium,
          infiniplex_forest_clump_medium, infiniplex_forest_clump_curved,
          infiniplex_forest_corner_1, infiniplex_forest_end_3
D:2:      lemuel_crystal_altar, lemuel_doored_altar
D:3:      old_standard_altar, lemuel_coloured_pillars_altar, marbit_many_paths,
          xom_redecorated
D:4:      nicolae_ru_great_annihilating_truth, nicolae_overflow_crystal_walls,
          hangedman_decor_clover_reticule, minivault_11, uniq_pikel
D:5:      first_bread
D:6:      nicolae_overflow_hidden_temple, minmay_temple_entry_purple_smoke,
          uniq_sigmund, uniq_grinder

Skill      XL: |  1  2  3  4  5  6  7  8 |
---------------+-------------------------+-----
Throwing       | 1 2 |  2.3
Dodging        | 1 |  1.0
Maces & Flails | 3 6 |  6.1
Fighting       | 4 5 |  5.0
Armour         | 4 6 |  6.1
Shields        | 5 6 |  6.1
Evocations     | 2 |  2.5

Action                   |  1- 3 |  4- 6 |  7- 9 || total
-------------------------+-------+-------+-------++-------
Melee: Flail             |   128 |   164 |    35 ||   327
       Whip              |       |       |   115 ||   115
Throw: Stone             |    28 |    42 |    47 ||   117
       Tomahawk          |     2 |     6 |     7 ||    15
       Javelin           |       |     2 |     8 ||    10
  Use: Scroll            |     3 |     1 |     3 ||     7
       Potion            |     1 |     1 |       ||     2
 Stab: Paralysed         |       |     1 |       ||     1
  Eat: Chunk             |     3 |     6 |     5 ||    14
Armor: Scale mail        |    81 |    74 |    51 ||   206
       Chain mail        |       |       |    18 ||    18
Dodge: Dodged            |   108 |    78 |    73 ||   259
